 Dungeon Crawl Stone Soup version 0.28.0-53-g5a82cb258f (webtiles) character file.

Game seed: 16430403723230514112

36591 Kaptain the Geomancer (level 13, -2/85 HPs)
             Began as a Gargoyle Earth Elementalist on July 11, 2022.
             Slain by a death knight
             ... wielding a +3 battleaxe
              (32 damage)
             ... on level 14 of the Dungeon.
             The game lasted 00:37:29 (20901 turns).

Kaptain the Geomancer (GrEE)                       Turns: 20901, Time: 00:37:31

Health: -2/85      AC: 22    Str: 12    XL:     13   Next: 91%
Magic:  2/27       EV: 12    Int: 21    God:
Gold:   1022       SH:  0    Dex: 10    Spells: 23/32 levels left

rFire   + . .      SeeInvis +   a - +9 falchion "Raseeh" {venom, rF+}
rCold   . . .      Faith    .   (no shield)
rNeg    + . .      Spirit   .   w - +0 steam dragon scales
rPois   ∞          Reflect  .   y - +2 helmet {SInv}
rElec   +          Harm     .   E - +0 cloak
rCorr   .          Rampage  .   (no gloves)
Will    .....                   K - +0 pair of boots
Stlth   +++.......              v - amulet of regeneration
HPRegen 1.04/turn               (no ring)
MPRegen 0.20/turn               (no ring)

@: no status effects
A: sickness immunity, AC +9, negative energy resistance 1, electricity
resistance, torment resistance 1, petrification resistance
a: no special abilities


You were on level 14 of the Dungeon.
You visited 3 branches of the dungeon, and saw 20 of its levels.
You also visited: Ossuary.

You collected 1148 gold pieces.
You spent 126 gold pieces at shops.

Inventory:

Hand Weapons
 a - the +9 falchion "Raseeh" (weapon) {venom, rF+}
   (You found it on level 4 of the Dungeon)

   It poisons the flesh of those it strikes.
   rF:        It protects you from fire.
 f - a +0 fustibalus
 n - a +2 scimitar of flaming
 o - a +3 trident
 u - a +1 rapier of protection
Missiles
 c - 548 stones
 m - 101 sling bullets
 F - 4 throwing nets
Armour
 j - an orb of energy
 q - a +0 ring mail of fire resistance
 w - +0 steam dragon scales (worn)
 y - a +2 helmet of see invisible (worn)
 E - a +0 cloak (worn)
 K - a +0 pair of boots (worn)
 O - a +2 hat of stealth
Magical Staves
 U - a staff of death
Jewellery
 d - a ring of ice
 v - an amulet of regeneration (around neck)
 Q - a ring of protection from cold
Wands
 p - a wand of iceblast (20)
 x - a wand of digging (11)
 C - a wand of flame (15)
 D - a wand of polymorph (8)
 L - a wand of acid (13)
 V - a wand of mindburst (11)
Scrolls
 g - 12 scrolls of teleportation
 r - 5 scrolls of immolation
 B - a scroll of identify
 I - 4 scrolls of magic mapping
 T - a scroll of blinking
 X - a scroll of enchant weapon
Potions
 e - 3 potions of flight
 h - 4 potions of might
 i - 4 potions of brilliance
 k - 11 potions of heal wounds
 l - a potion of invisibility
 s - a potion of berserk rage
 t - 11 potions of curing
 z - a potion of haste
 A - 3 potions of lignification
 M - 2 potions of mutation
Miscellaneous
 b - a lightning rod (4/4)


   Skills:
 * Level 11.8 Fighting
 + Level 8.3 Armour
 - Level 2.0 Dodging
 - Level 5.0 Stealth
 - Level 5.0 Shields
 * Level 10.2 Spellcasting
 * Level 11.8 Conjurations
 - Level 0.7 Transmutations
 * Level 13.3 Earth Magic


You had 23 spell levels left.
You knew the following spells:

 Your Spells              Type           Power      Damage    Failure   Level
a - Sandblast             Erth           100%       2d20      1%          1
b - Stone Arrow           Conj/Erth      100%       3d13      1%          3
c - Iskenderun's Battles  Conj           57%        2d11      1%          5

Your spell library contained the following spells:

 Spells                   Type           Power      Damage    Failure   Level
 Foxfire                  Conj/Fire      100%       2x1d9     1%          1
 Passwall                 Tmut/Erth      33%        N/A       1%          2
 Conjure Flame            Conj/Fire      35%        6-21      1%          3
 Petrify                  Tmut/Erth      40%        N/A       3%          4
 Flame Wave               Conj/Fire      35%        2d8       5%          4
 Fulminant Prism          Conj/Hex       17%        3d11      5%          4
 Apportation              Tloc           20%        N/A       6%          1
 Summon Small Mammal      Summ           40%        N/A       6%          1
 Corpse Rot               Necr/Air       20%        N/A       10%         2
 Scorch                   Fire           20%        2d6       10%         2
 Borgnjor's Vile Clutch   Necr/Erth      19%        N/A       11%         5
 Lightning Bolt           Conj/Air       17%        1d32      16%         5
 Call Canine Familiar     Summ           10%        N/A       19%         3
 Frozen Ramparts          Ice            20%        1d4       19%         3
 Inner Flame              Hex/Fire       10%        N/A       19%         3
 Ozocubu's Armour         Ice            10%        N/A       19%         3
 Portal Projectile        Hex/Tloc       20%        N/A       19%         3
 Summon Guardian Golem    Hex/Summ       10%        N/A       19%         3
 Ice Form                 Ice/Tmut       12%        N/A       47%         4
 Airstrike                Air            5%         N/A       54%         4
 Animate Dead             Necr           5%         N/A       54%         4
 Dispel Undead            Necr           10%        3d9       54%         4
 Summon Ice Beast         Ice/Summ       10%        N/A       54%         4
 Summon Lightning Spire   Summ/Air       10%        N/A       54%         4
 Blade Hands              Tmut           6%         N/A       78%         5
 Alistair's Intoxication  Tmut/Pois      8%         N/A       83%         5
 Excruciating Wounds      Necr           5%         N/A       87%         5
 Metabolic Englaciation   Hex/Ice        5%         N/A       87%         5
 Death Channel            Necr           5%         N/A       100%        6
 Simulacrum               Ice/Necr       5%         N/A       100%        6
 Summon Cactus Giant      Summ           5%         N/A       100%        6
 Polar Vortex             Ice            5%         N/A       100%        9


Dungeon Overview and Level Annotations

Branches:
Dungeon (12/15)            Temple (1/1) D:6            Lair (6/6) D:11
 Shoals (0/4) Lair:3       Spider (0/4) Lair:3        Slime (0/5) Lair:5
Ossuary (visited)
    Orc: D:9-12

Altars:
Ashenzari
Cheibriados
Dithmenos
Elyvilon
Fedhas
Gozag
Hepliaklqana
Kikubaaqudgha
Makhleb
Nemelex Xobeh
Okawaru
Qazlal
Ru
Sif Muna
Trog
Uskayaw
Vehumet
Wu Jian
Xom
Yredelemnul
Zin
The Shining One
Jiyva

Shops:
D:6 [   D:8 [

Annotations:
D:11 2 transporters, Peloso's ghost, journeyman MiFi


Innate Abilities, Weirdness & Mutations

You are immune to sickness and miasma.
Your stone body is resilient. (AC +9)
You are immune to poison.
You resist negative energy. (rN+)
You are resistant to electric shocks. (rElec)
You are resistant to unholy torment.
You are immune to petrification.


Message History

The skeletal warrior is almost destroyed.
Your battlesphere fires!
The barrage of energy hits the death knight.
The death knight is lightly wounded.
The death knight reflects your damage back at you!
You hit the death knight.
The death knight is poisoned.
The death knight is lightly wounded.
The death knight reflects your damage back at you! x2
The death knight barely misses you.
Unknown command.
You slash the death knight!
The death knight looks as sick as possible!
The death knight is moderately wounded.
The death knight reflects your damage back at you! x2
The death knight hits you but does no damage.
The skeletal warrior hits you with a +0 short sword!
Unknown command.
Something reflects your damage back at you!
The skeletal warrior barely misses something.
You hit the death knight.
The death knight looks as sick as possible!
The death knight is moderately wounded.
The death knight reflects your damage back at you! x2
The death knight hits you with a +3 battleaxe.
The death knight hits something with a +3 battleaxe!!
Unknown command.
You slash the death knight!
The death knight looks as sick as possible!
The death knight is heavily wounded.
The death knight reflects your damage back at you! x2
The death knight hits you with a +3 battleaxe!!
The death knight hits you but does no damage.
Unknown command.
You hit the death knight but do no damage.
The death knight looks as sick as possible!
The death knight is heavily wounded.
The death knight's dark mirror aura disappears.
The death knight reflects your damage back at you!
The death knight hits you with a +3 battleaxe!!
You die...

#####.......#########
............#....).#
.....########......#
.....#.....#.......#
.....#.....'.......#
.....#.....#.......#
.....#.... ##...°..#
.....#.....######p##
.....#.. .......@..#
.....#. ..........#
.....# ..##......#
.....# ...##......#
.....#.....##......#
.....#.....##......#
.....#......#......#
###'##.....##......#
....##.....##......#


You could see a death knight (extremely poisoned).

Vanquished Creatures
  Gastronok (Lair:1)
  Harold (Lair:1)
  A catoblepas (Lair:6)
  Erica (D:9)
  A boulder beetle (D:11)
  A centaur warrior (D:14)
  3 two-headed ogres
  A death yak (Lair:5)
  A deep elf zephyrmancer (D:9)
  A manticore (D:9)
  8 black mambas
  10 cane toads
  Maggie (Lair:1)
  2 rime drakes (Lair:5)
  3 komodo dragons
  2 freezing wraiths (D:14)
  A hornet (D:9)
  2 polar bears
  3 trolls
  7 blink frogs
  Prince Ribbit (Lair:1)
  A snapping turtle (Lair:3)
  3 shadows
  3 wyverns
  56 yaks
  2 vampires
  5 basilisks
  4 vampire mosquitoes
  2 steam dragons (D:7)
  An acid dragon (D:10)
  23 water moccasins
  A hornet zombie (D:7)
  6 orc warriors
  Duvessa (D:6)
  2 sky beasts (D:7)
  A black bear (D:4)
  4 ogres
  5 wolves (Lair:2)
  3 centaurs
  A phantom (D:4)
  An elf zombie (Ossuary)
  A wyvern zombie (D:5)
  A kobold brigand (D:7)
  9 bullfrogs
  2 scorpions (D:5)
  2 gnoll sergeants
  A water moccasin zombie (D:4)
  Dowan (D:6)
  2 water moccasin skeletons (D:4)
  15 killer bees
  18 wights
  6 howler monkeys
  4 electric eels (Lair:1)
  A centaur zombie (Ossuary)
  A bullfrog zombie (D:6)
  A jelly (Lair:5)
  4 orc priests
  A hound (D:6)
  A human zombie (D:4)
  An iron imp (D:5)
  2 iguanas
  9 orc wizards
  2 mummies (Ossuary)
  A howler monkey zombie (D:7)
  8 gnolls
  7 adders
  A howler monkey skeleton (D:6)
  2 shadow imps
  2 worms
  2 dart slugs (D:1)
  25 orcs
  10 ball pythons
  8 endoplasms
  4 giant cockroaches
  11 goblins
  8 hobgoblins
  12 jackals
  12 kobolds
  6 quokkas
  8 bats
  3 frilled lizards
  A gnoll zombie (Ossuary)
  6 goblin zombies (Ossuary)
  2 hobgoblin zombies (Ossuary)
  A jackal zombie (D:4)
  3 orc zombies (Ossuary)
  9 rats
414 creatures vanquished.

Vanquished Creatures (others)
  A steam dragon (D:7)
  22 fungi
  19 plants
  2 withered plants (Lair:6)
44 creatures vanquished.

Grand Total: 458 creatures vanquished

Notes
Turn   | Place    | Note
-------+----------+-------------------------------------------
     0 | D:1      | Kaptain the Gargoyle Earth Elementalist began the quest for
                  | the Orb.
     0 | D:1      | Reached XP level 1. HP: 10/10 MP: 3/3
   172 | D:1      | Reached XP level 2. HP: 13/16 MP: 0/5
   582 | D:1      | Reached skill level 1 in Conjurations
   694 | D:1      | Reached skill level 4 in Earth Magic
   694 | D:1      | Reached XP level 3. HP: 17/20 MP: 4/6
   696 | D:1      | Reached skill level 1 in Fighting
   951 | D:1      | Noticed a great orb of eyes
   953 | D:1      | Found a faded altar of an unknown god.
   956 | D:1      | Noticed a floating eye
   956 | D:1      | Noticed a great orb of eyes
   956 | D:1      | Noticed an eye of devastation
  1476 | D:2      | Reached XP level 4. HP: 25/25 MP: 7/7
  1480 | D:2      | Learned a level 3 spell: Stone Arrow
  1547 | D:2      | Reached skill level 1 in Armour
  2543 | D:3      | Reached XP level 5. HP: 30/30 MP: 4/8
  2697 | D:3      | Found a hazy altar of Hepliaklqana.
  2938 | D:4      | Found a stormy altar of Qazlal.
  2947 | D:4      | Found an ancient bone altar of Kikubaaqudgha.
  3003 | D:4      | Identified the +9 falchion "Raseeh" {venom, rF+}
  3012 | D:5      | Entered Level 5 of the Dungeon
  3086 | D:4      | Noticed a phantom
  3090 | D:4      | Killed a phantom
  3091 | D:4      | Reached XP level 6. HP: 36/36 MP: 4/10
  3093 | D:4      | Found a sand-covered staircase.
  3111 | Ossuary  | Entered an ossuary
  3242 | Ossuary  | Reached skill level 5 in Earth Magic
  3533 | D:4      | Noticed a black bear
  3537 | D:4      | Killed a black bear
  3538 | D:4      | Reached XP level 7. HP: 41/41 MP: 1/12
  4359 | D:5      | Reached XP level 8. HP: 48/48 MP: 9/14
  4619 | D:5      | Reached skill level 6 in Earth Magic
  5049 | D:5      | Found a snail-covered altar of Cheibriados.
  5228 | D:6      | Found a staircase to the Ecumenical Temple.
  5288 | Temple   | Entered the Ecumenical Temple
  5678 | D:6      | Reached skill level 5 in Conjurations
  5854 | D:6      | Reached skill level 5 in Fighting
  6160 | D:6      | Reached XP level 9. HP: 54/54 MP: 3/16
  6381 | D:6      | Found Siese's Armour Boutique.
  6391 | D:6      | Bought a +0 helmet of see invisible for 126 gold pieces
  6430 | D:6      | Noticed Duvessa
  6433 | D:6      | Noticed Dowan
  6441 | D:6      | Killed Duvessa
  6442 | D:6      | Reached skill level 7 in Earth Magic
  6443 | D:6      | Killed Dowan
  6444 | D:6      | Reached skill level 5 in Spellcasting
  6879 | D:7      | Reached skill level 5 in Stealth
  7542 | D:7      | Found a broken altar of Ashenzari.
  7806 | D:8      | Reached skill level 8 in Earth Magic
  8073 | D:8      | Found an iron altar of Okawaru.
  8078 | D:8      | Found a sparkling altar of Nemelex Xobeh.
  8078 | D:8      | Found a glowing golden altar of the Shining One.
  8081 | D:8      | Found a shimmering blue altar of Sif Muna.
  8164 | D:8      | Reached XP level 10. HP: 61/61 MP: 18/18
  8252 | D:8      | Found Eherrol's Armour Boutique.
  8384 | D:8      | Reached skill level 1 in Shields
  8644 | D:9      | Noticed Erica
  8659 | D:9      | Reached skill level 5 in Armour
  8734 | D:9      | Killed Erica
  8814 | D:9      | Reached skill level 9 in Earth Magic
  9421 | D:9      | Noticed a two-headed ogre
  9424 | D:9      | Killed a two-headed ogre
  9488 | D:9      | Reached XP level 11. HP: 68/68 MP: 11/21
  9558 | D:9      | Noticed a manticore
  9565 | D:9      | Killed a manticore
 10081 | D:9      | Noticed a deep elf zephyrmancer
 10088 | D:9      | Killed a deep elf zephyrmancer
 10089 | D:9      | Reached skill level 10 in Earth Magic
 10476 | D:10     | Entered Level 10 of the Dungeon
 10498 | D:10     | Got Firyusop's Reference Book on Confrontation and Snow
 11333 | D:10     | Noticed a two-headed ogre
 11337 | D:10     | Killed a two-headed ogre
 11415 | D:10     | Learned a level 5 spell: Iskenderun's Battlesphere
 11859 | D:11     | Noticed a two-headed ogre
 11859 | D:11     | Noticed a boulder beetle
 11878 | D:11     | Found a staircase to the Lair.
 11887 | Lair:1   | Entered Level 1 of the Lair of Beasts
 11904 | Lair:1   | Noticed Maggie
 11909 | Lair:1   | Killed Maggie
 12060 | Lair:1   | Noticed Gastronok
 12061 | Lair:1   | Noticed Prince Ribbit
 12082 | Lair:1   | Reached XP level 12. HP: 66/76 MP: 17/24
 12183 | Lair:1   | Killed Gastronok
 12184 | Lair:1   | Reached skill level 11 in Earth Magic
 12611 | Lair:1   | Killed Prince Ribbit
 12744 | Lair:1   | Noticed Harold
 12807 | Lair:1   | Killed Harold
 12808 | Lair:1   | Reached skill level 5 in Shields
 13085 | Lair:1   | Reached skill level 10 in Conjurations
 13209 | Lair:1   | Reached skill level 10 in Fighting
 15016 | Lair:3   | Reached skill level 12 in Earth Magic
 15149 | Lair:3   | Found a hole to the Spider Nest.
 15761 | Lair:3   | Reached XP level 13. HP: 67/83 MP: 22/26
 15878 | Lair:3   | Found a staircase to the Shoals.
 18263 | Lair:5   | Found a runed translucent door.
 18265 | Lair:5   | Found a viscous altar of Jiyva.
 18267 | Lair:5   | Found a staircase to the Slime Pits.
 18494 | Lair:6   | Entered Level 6 of the Lair of Beasts
 19152 | Lair:5   | Reached skill level 13 in Earth Magic
 19468 | D:11     | Reached skill level 10 in Spellcasting
 19906 | D:11     | Found a bloodstained altar of Trog.
 19906 | D:11     | Noticed Peloso's ghost (journeyman MiFi)
 19939 | D:11     | Found a transporter.
 19943 | D:11     | Found a transporter.
 20535 | D:12     | You fall into a shaft and drop 2 floors!
 20901 | D:14     | Slain by a death knight

Illustrated notes

Levels and vault maps discovered:
D:1:      nzn_arrival_settlement, layout_basic,
          hellmonk_ecumenical_altar_watching_god, minmay_ruptured
D:2:      layout_loops_cross, minivault_4, grunt_decor_fettered,
          serial_bayou_crossing
D:3:      layout_rooms, nzn_hepliaklqana_mist_gate
D:4:      layout_cave_pools, kennysheep_little_box, lemuel_doored_altar,
          enter_ossuary_3
D:5:      layout_basic, slow_altar_2
D:6:      layout_loops_cross, minmay_temple_entry_statues_fountains,
          serial_shops, nicolae_lakefront_shop, uniq_duvessa
D:7:      layout_loops_ring, lemuel_crystal_altar, st_stairs_2, minivault_26
D:8:      layout_basic, grunt_temple_overflow_open, serial_shops,
          nicolae_stop_n_shop_2, minmay_fountain_box, st_stairs_14
D:9:      layout_layer_cave, skrybe_limestone_x, minivault_20,
          guppyfry_early_elven_hall, uniq_erica
D:10:     layout_basic, minmay_misc_feat_rows
D:11:     layout_roguey, lair_entry_dummy, gammafunk_ghost_wrathful_warriors,
          minmay_starry_boxes
D:12:     layout_gridville, zombieorc1_lemuel, minivault_16
D:14:     layout_gridville, grunt_vaults_entry_tiered, minmay_staircase_bubble,
          kennysheep_just_a_vault
Temple:   nicolae_temple_figure_eight
Lair:1:   layout_chaotic_city, serial_bayou_ford_a, columned_hall_lemuel,
          uniq_prince_ribbit2, uniq_maggie, uniq_harold, uniq_gastronok
Lair:2:   layout_hall_layers, serial_rivers, chequers_serial_rivers_large_b,
          chequers_serial_rivers_small_b, chequers_serial_rivers_micro_c,
          chequers_serial_rivers_small_3, chequers_serial_rivers_large_a
Lair:3:   layout_hall_layers, minmay_shoals_entry_hut, dummy_spider_entry,
          grunt_megastairs_3, lemuel_fruit_fields, lemuel_fruit_tree
Lair:4:   layout_cave_pods
Lair:5:   beast_lair_carwin_large_3, layout_regular_city, slime_altar_2
Lair:6:   due_jungle_book, layout_loops_ring, grunt_megastairs_1

Skill      XL: |  1  2  3  4  5  6  7  8  9 10 11 12 13 |
---------------+----------------------------------------+-----
Conjurations   | 1 2 3 4 5 6 7 9 10 11 | 11.8
Earth Magic    | 4 5 6 8 9 10 12 13 | 13.3
Fighting       | 1 2 3 4 5 6 7 9 10 11 | 11.8
Armour         | 1 2 3 4 5 6 7 8 |  8.3
Stealth        | 3 4 5 |  5.0
Spellcasting   | 3 4 5 7 8 9 10 | 10.2
Shields        | 2 4 5 |  5.0
Dodging        | 2 |  2.0
Transmutations | |  0.7

Action                   |  1- 3 |  4- 6 |  7- 9 | 10-12 | 13-15 || total
-------------------------+-------+-------+-------+-------+-------++-------
Melee: Unarmed           |    10 |       |       |       |       ||    10
       Dagger            |    29 |       |       |       |       ||    29
       Mace              |    19 |    15 |       |       |       ||    34
       Short sword       |       |     2 |       |       |       ||     2
       Falchion          |       |    36 |   108 |   287 |   154 ||   585
       Punch             |       |       |     2 |     2 |     3 ||     7
 Fire: Hunting sling     |       |    43 |       |       |       ||    43
 Cast: Sandblast         |    37 |    62 |    32 |    31 |     8 ||   170
       Stone Arrow       |       |    11 |    63 |   186 |   166 ||   426
       Iskenderun's Batt |       |       |       |       |     4 ||     4
  Use: Scroll            |       |     6 |     2 |     1 |    19 ||    28
       Potion            |       |       |       |     1 |     2 ||     3
 Stab: Sleeping          |     2 |       |     1 |     1 |     1 ||     5
Armor: Robe              |    32 |    39 |       |       |       ||    71
       Leather armour    |       |       |    40 |       |       ||    40
       Steam dragon scal |       |       |    23 |   179 |   205 ||   407
Dodge: Dodged            |    42 |    45 |    86 |   250 |   216 ||   639
